 Dungeon Crawl Stone Soup version 0.30.1-11-g7821555f0a (webtiles) character file.

Game seed: 13601100829821763696

487 KittyFluff the Cudgeller (level 7, -2/44 HPs)
             Began as a Gargoyle Berserker on Nov 7, 2023.
             Was a Believer of Trog.
             Killed from afar by a steam dragon (20 damage)
             ... with a ball of steam
             ... on level 5 of the Dungeon.
             The game lasted 00:12:09 (3542 turns).

KittyFluff the Cudgeller (Gargoyle Berserker)       Turns: 3542, Time: 00:12:10

Health: -2/44      AC: 11    Str: 22    XL:     7   Next: 13%
Magic:  7/7        EV: 12    Int:  8    God:    Trog [**....]
Gold:   298        SH:  0    Dex:  9    Spells: 6/6 levels left

rFire   . . .        s - +1 falchion (holy)
rCold   . . .        (no shield)
rNeg    + . .        e - +0 leather armour
rPois   ∞            w - +1 helmet
rElec   +            p - +0 cloak
rCorr   .            (no gloves)
SInv    .            (no boots)
Will    .....        (no amulet)
Stlth   +            (no ring)
HPRegen 0.27/turn    (no ring)
MPRegen 0.10/turn

%: no passive effects
@: no status effects
A: sickness immunity, AC +4, negative energy resistance 1, electricity
resistance, torment resistance 1, petrification resistance
a: Renounce Religion, Berserk, Trog's Hand


You were on level 5 of the Dungeon.
You worshipped Trog.
Trog was pleased with you.
You visited 1 branch of the dungeon, and saw 5 of its levels.

You collected 298 gold pieces.

Inventory:

Hand Weapons
 a - a +0 mace
 b - a +0 sling
 r - the +10 scimitar of Ydaps {flame, rPois Str-2 Dex-5 SInv}
   (You found it on level 3 of the Dungeon)

   Str:       It affects your strength (-2).
   Dex:       It affects your dexterity (-5).
   rPois:     It protects you from poison.
   SInv:      It lets you see invisible.
 s - a +1 falchion of holy wrath (weapon)
Armour
 e - a +0 leather armour (worn)
 p - a +0 cloak (worn)
 w - a +1 helmet (worn)
Wands
 o - a wand of digging (9)
Scrolls
 d - 2 scrolls of magic mapping {unknown}
 g - a scroll of fog {unknown}
 i - a scroll of teleportation {unknown}
 j - a scroll of brand weapon
 l - 2 scrolls of amnesia {unknown}
 m - 3 scrolls of enchant armour
 u - 2 scrolls of noise {unknown}
 y - a scroll of enchant weapon
Potions
 c - 3 potions of heal wounds
 f - a potion of ambrosia {unknown}
 k - a potion of attraction {unknown}
 n - 3 potions of curing {unknown}
 q - a potion of magic {unknown}
 v - a potion of flight {unknown}
 x - a potion of lignification {unknown}
 z - a potion of invisibility {unknown}
 A - a potion of might {unknown}


   Skills:
 + Level 4.5 Fighting
 * Level 5.1 Maces & Flails
 * Level 5.0 Armour
 + Level 2.9 Dodging


You had 6 spell levels left.
You didn't know any spells.
Your spell library was empty.

Dungeon Overview and Level Annotations

Branches:
Dungeon (5/15)
 Temple: D:4-7

Altars:
Cheibriados
Gozag
Yredelemnul
Zin

Shops:
D:3 *   D:5 [


Innate Abilities, Weirdness & Mutations

You are immune to sickness and miasma.
Your stone body is resilient. (AC +4)
You are immune to poison.
You resist negative energy. (rN+)
You are resistant to electric shocks. (rElec)
You are resistant to unholy torment.
You are immune to petrification.


Message History

An orc comes into view. It is wielding a +0 mace.
The iguana closely misses you.
You hit the iguana.
The iguana is moderately wounded.
The iguana barely misses you.
You hit the iguana but do no damage.
The iguana is moderately wounded.
The iguana closely misses you.
An orc comes into view. It is wielding a +0 flail.
The iguana bites you.
You hit the iguana.
The iguana is heavily wounded.
The iguana bites you.
You hit the iguana but do no damage.
The iguana is heavily wounded.
An orc comes into view.
It is wielding a +1 hand axe of flaming.
The iguana barely misses you.
You barely miss the iguana.
The iguana is heavily wounded.
The orc shouts!
An orc comes into view. It is wielding a +0 falchion.
The iguana bites you but does no damage.
You hit the iguana.
The iguana is severely wounded.
The iguana bites you. The iguana closely misses you.
You hit the iguana.
The iguana is almost dead.
The iguana bites you!
You hit the iguana.
You kill the iguana!
Trog accepts your kill.
The orc wizard mumbles some strange words.
The orc wizard flickers and vanishes!
Deactivating autopickup; reactivate with Ctrl-A.
You hit the steam dragon.
The steam dragon is lightly wounded.
The steam dragon bites you. The steam dragon claws you.
The steam dragon breathes steam at you. The ball of steam hits you!!
You die...

...≈ .8 ≈.≈ ..< # .≈. .8.∩
.# #.. #.... #### #.####.#
#...# #...#.......# #....#
....<######.#######o..###.
...............:@D.o......
......#####.#######.o#####
......# #.....# ..#
...†.##########.# .###
............###.#..##
.##########.........# .
####........# #..........
#..........


You could see a steam dragon (catching breath) and 3 orcs.

Vanquished Creatures
  An ogre (D:4)
  A black bear (D:4)
  A phantom (D:4)
  A jelly (D:4)
  2 hounds
  An iguana (D:5)
  A mummy (D:4)
  4 adders
  An ufetubus (D:4)
  4 dart slugs
  A worm (D:3)
  4 orcs
  3 bats
  10 endoplasms
  5 goblins
  4 hobgoblins
  3 kobolds
  A quokka (D:1)
  4 ball pythons
  3 frilled lizards (D:1)
  2 rats
57 creatures vanquished.

Notes
Turn   | Place    | Note
-------+----------+-------------------------------------------
     0 | D:1      | KittyFluff the Gargoyle Berserker began the quest for the
                  | Orb.
     0 | D:1      | Reached XP level 1. HP: 14/14 MP: 1/1
   126 | D:1      | Reached XP level 2. HP: 19/19 MP: 2/2
   644 | D:2      | Reached XP level 3. HP: 20/23 MP: 3/3
   644 | D:2      | Reached ** piety under Trog
   777 | D:2      | Noticed a great orb of eyes
   816 | D:2      | Noticed a floating eye
   832 | D:2      | Noticed an eye of devastation
   843 | D:2      | Found a faded altar of an unknown god.
   845 | D:2      | Noticed a floating eye
  1350 | D:2      | Reached XP level 4. HP: 25/29 MP: 4/4
  1638 | D:3      | Identified the +10 scimitar of Ydaps {flame, rPois Str-2
                  | Dex-5 SInv}
  1803 | D:3      | Found Zin's Purification Station.
  1806 | D:3      | Found a glowing silver altar of Zin.
  1874 | D:3      | Found an opulent altar of Gozag.
  2279 | D:3      | Found a basalt altar of Yredelemnul.
  2400 | D:4      | Noticed a phantom
  2415 | D:4      | Killed a phantom
  2416 | D:4      | Reached XP level 5. HP: 24/33 MP: 5/5
  2865 | D:4      | Noticed an ogre
  2883 | D:4      | Killed an ogre
  2884 | D:4      | Reached XP level 6. HP: 15/38 MP: 6/6
  3136 | D:4      | Found a snail-covered altar of Cheibriados.
  3182 | D:4      | Noticed a black bear
  3195 | D:4      | Killed a black bear
  3291 | D:4      | Reached skill level 5 in Maces & Flails
  3465 | D:5      | Entered Level 5 of the Dungeon
  3498 | D:5      | Reached skill level 5 in Armour
  3498 | D:5      | Reached XP level 7. HP: 44/44 MP: 7/7
  3524 | D:5      | Noticed a steam dragon
  3525 | D:5      | Found Qopnesih's Antique Armour Shop.
  3542 | D:5      | Killed from afar by a steam dragon

Illustrated notes

Levels and vault maps discovered:
D:1:      saegor_arrival_simple_b, layout_basic, minmay_pentomino_s2
D:2:      layout_basic, hellmonk_ecumenical_altar_watching_god
D:3:      layout_loops_ring, lemuel_round_altar, lemuel_coloured_pillars_altar,
          zin_purify
D:4:      layout_cave_pods, chei_slow_surprise, st_stairs_2
D:5:      layout_rooms, gup_sewer_entry_glass, serial_shops,
          nicolae_diamond_shop, shop, nicolae_shop_statue_plus, shop,
          nicolae_shop_stone, grunt_ministairs_5, uniq_menkaure

Skill      XL: |  1  2  3  4  5  6 |
---------------+-------------------+-----
Armour         | 3 4 5 |  5.0
Dodging        | 2 |  2.9
Maces & Flails | 4 5 |  5.1
Fighting       | 4 |  4.5

Action                     |  1- 3 |  4- 6 |  7- 9 || total
---------------------------+-------+-------+-------++-------
  Melee: Mace              |    93 |   108 |       ||   201
         Punch             |       |     2 |     1 ||     3
         Falchion          |       |    23 |    14 ||    37
 Invoke: Berserk           |       |     1 |       ||     1
    Use: Scroll            |       |     4 |       ||     4
   Stab: Sleeping          |       |     1 |       ||     1
 Armour: Animal skin       |    14 |       |       ||    14
         Leather armour    |    18 |    61 |     3 ||    82
  Dodge: Dodged            |    60 |    96 |     7 ||   163
